Map: Abiogênese LE

Players

IagoAbreu

  • Race: Protoss Protoss
  • Spawn Location: 11:00

thePunisher - Winner!

  • Race: Terran Terran
  • Spawn Location: 5:00

VOD

Have the link to the VOD?

Description

Time

  • Played on: Feb. 23, 2018, 4:18 p.m.
  • Length: 11:19
Show
View Real Time Build Order
Export as new Build Order

IagoAbreu Protoss 

Build Orders:  

Get SALT Encoding   

  12  0:03  Probe (Chrono Boost)  
  14  0:18  Pylon  
  13  0:22  Probe  
  14  0:34  Probe  
  15  0:49  Forge  
  15  0:53  Probe  
  16  1:07  Pylon  
  16  1:34  Pylon  
  16  1:36  Pylon  
  16  1:37  Pylon  
  16  1:55  Photon Cannon  
  16  1:57  Photon Cannon  
  15  2:07  Nexus  
  15  2:10  Probe (Chrono Boost)  
  16  2:35  Pylon  
  16  2:38  Photon Cannon  
  16  2:57  Photon Cannon  
  16  3:17  Pylon  
  16  3:19  Assimilator  
  16  3:20  Pylon  
  16  3:21  Assimilator  
  16  3:34  Probe (Chrono Boost)  
  17  3:44  Gateway, Probe (Chrono Boost)  
  18  3:49  Probe (Chrono Boost)  
  18  3:54  Gateway  
  19  3:57  Gateway  
  19  4:00  Probe  
  20  4:03  Gateway  
  20  4:22  Probe (Chrono Boost)  
  22  4:32  Probe (Chrono Boost)  
  22  4:34  Assimilator  
  22  4:36  Probe (Chrono Boost)  
  22  4:38  Assimilator  
  22  4:43  Cybernetics Core  
  23  4:48  Probe  
  24  5:01  Probe (Chrono Boost)  
  24  5:05  Probe (Chrono Boost)  
  26  5:13  Probe (Chrono Boost)  
  28  5:15  Probe (Chrono Boost)  
  28  5:17  Pylon, Probe (Chrono Boost)  
  28  5:19  Probe (Chrono Boost)  
  29  5:27  Probe  
  31  5:35  Twilight Council  
  31  5:45  Warp Gate (Chrono Boost)  
  27  6:26  Pylon x2  
  25  6:51  Stalker  
  33  7:03  Dark Shrine  
  19  7:48  Pylon  
  19  7:51  Pylon  
  19  8:11  Gateway  
  19  8:12  Gateway  
  19  8:15  Gateway  
  19  8:16  Gateway  
  19  8:20  Probe (Chrono Boost)  
  20  9:19  Dark Templar x2  
  20  9:20  Dark Templar x2  
  28  9:35  Pylon  
  28  9:39  Pylon  
  28  9:41  Probe (Chrono Boost)  
  29  9:51  Probe (Chrono Boost)  
  30  9:56  Probe (Chrono Boost)  
  31  10:02  Dark Templar x2  
Show
View Real Time Build Order
Export as new Build Order

thePunisher Terran - Winner!

Build Orders: MMM Bio 

Get SALT Encoding   

  12  0:01  SCV  
  13  0:15  Supply Depot  
  13  0:19  SCV  
  14  0:33  Supply Depot  
  14  0:42  Barracks  
  14  0:45  SCV  
  15  0:59  Refinery  
  15  1:01  Refinery  
  15  1:18  SCV  
  16  1:30  SCV  
  16  1:31  Marine  
  18  1:52  Factory  
  18  1:53  Barracks Tech Lab  
  18  2:09  SCV  
  18  2:15  Marine  
  19  2:21  SCV  
  19  2:33  SCV  
  20  2:46  Barracks Reactor  
  20  2:50  Siege Tank  
  23  2:54  SCV  
  24  3:07  Barracks  
  24  3:10  Supply Depot  
  24  3:13  Orbital Command  
  24  3:23  Starport  
  24  3:26  Marine  
  25  3:44  Widow Mine  
  27  3:57  Barracks Tech Lab  
  27  4:13  Marine x2  
  29  4:25  Barracks Tech Lab  
  29  4:30  Banshee  
  32  4:32  Cloaking Field  
  32  4:52  Command Center  
  32  4:55  SCV  
  33  5:05  Siege Tank  
  36  5:13  Medivac  
  38  5:22  Combat Shields  
  38  5:28  Engineering Bay  
  38  5:44  Starport  
  38  6:42  Stimpack  
  38  6:46  Marine x3  
  41  7:50  Marine x2, Marauder  
  45  8:08  Marine  
  45  8:09  Planetary Fortress  
  45  8:11  Marauder  
  48  8:16  Starport Reactor  
  48  8:57  SCV  
  48  8:59  Marine x3  
  52  9:09  SCV  
  53  9:12  Supply Depot  
  53  9:13  Supply Depot  
  53  9:14  Supply Depot  
  53  9:15  Supply Depot  
  53  9:17  Marine, Supply Depot  
  54  9:33  Marine x2  
  54  9:34  Marine, Siege Tank  
  59  9:51  Marine x2  
  59  9:52  Marine  
  47  10:06  Siege Tank  
  46  10:09  Marine x2  
  46  10:13  Raven  
  50  10:27  Marine  
  51  10:31  Marine x2  
  51  10:33  Medivac  
  51  10:34  Medivac  
  57  10:38  Siege Tank  
  60  10:45  Marine  
  60  10:49  Marine x2  
  62  10:52  Missile Turret  
  62  10:54  Missile Turret  
  62  10:55  Missile Turret  
  58  10:57  SCV, Missile Turret  
Tags
 
Composition
MMM Bio
Matchup
PvT
Spawn Locations
Cross Positions
Add a new tag
Caveats
  • Supply blocks, unpowered buildings, or Contaminate may cause inaccurate times.
  • Supply counts are checked every 10 seconds.